Map: Site Delta LE

Players

DIOScaca - Winner!

  • Race: Zerg Zerg
  • League: Diamond
  • Spawn Location: 11:00

SubN

  • Race: Zerg Zerg
  • League: Diamond
  • Spawn Location: 5:00

VOD

Have the link to the VOD?

Description

Time

  • Played on: Dec. 18, 2023, 5:43 p.m.
  • Length: 4:51
Show
View Real Time Build Order
Export as new Build Order

DIOScaca Zerg - Winner!

Build Orders: Pool First 

Get SALT Encoding   

  12  0:18  Spawning Pool  
  12  0:20  Extractor  
  10  0:28  Drone  
  11  0:30  Drone  
  11  0:35  Drone  
  13  0:48  Overlord  
  13  0:51  Drone  
  14  1:08  Zergling x2  
  14  1:10  Queen  
  17  1:15  Zergling x2  
  18  1:23  Zergling x2  
  19  1:31  Metabolic Boost  
  19  1:36  Zergling x2  
  20  1:47  Overlord  
  20  1:55  Zergling x2  
  21  2:09  Zergling x2  
  22  2:18  Zergling x2  
  23  2:23  Zergling x6  
  26  2:39  Zergling x2, Hatchery  
  26  2:48  Drone  
  26  2:49  Queen  
  29  2:59  Overlord  
  26  3:20  Zergling x2  
  26  3:21  Zergling x6  
  26  3:30  Zergling x2  
  26  3:38  Zergling x6  
  28  3:45  Zergling x2  
  28  3:56  Zergling x4  
  30  4:09  Zergling x2  
  32  4:10  Zergling x2  
  31  4:22  Zergling x4  
  28  4:25  Zergling x4  
Show
View Real Time Build Order
Export as new Build Order

SubN Zerg 

Build Orders: Pool First 

Get SALT Encoding   

  12  0:00  Drone  
  13  0:12  Overlord  
  13  0:17  Drone  
  14  0:30  Drone x2  
  14  0:34  Drone  
  17  0:37  Extractor  
  16  0:45  Drone  
  17  0:52  Spawning Pool  
  17  0:55  Drone  
  17  1:06  Drone  
  18  1:23  Hatchery  
  17  1:27  Drone  
  17  1:29  Drone  
  19  1:38  Metabolic Boost  
  19  1:43  Overlord  
  19  1:58  Zergling x2  
  19  2:00  Zergling x2  
  21  2:07  Queen  
  23  2:14  Zergling x2  
  24  2:24  Zergling x2  
  25  2:35  Zergling x2  
  27  2:51  Zergling x6  
  27  2:54  Queen  
  27  2:57  Spine Crawler  
  30  2:58  Zergling x2  
  30  2:59  Zergling x2  
  32  3:08  Zergling x4  
  28  3:20  Zergling x6  
  28  3:21  Zergling x2  
  28  3:25  Spine Crawler  
  26  3:35  Zergling x4  
  26  3:36  Queen  
  26  3:46  Drone x2  
  28  3:56  Zergling x8  
  28  4:13  Zergling x6  
  23  4:30  Spine Crawler  
Tags
 
Add a new tag
Caveats
  • Supply blocks, unpowered buildings, or Contaminate may cause inaccurate times.
  • Supply counts are checked every 10 seconds.